 Dungeon Crawl Stone Soup version 0.29.1-12-g30fa7ad0bf (webtiles) character file.

Game seed: 4476217006147510780

142 IcyTea the Chiller (level 4, 0/33 HPs)
             Began as a Demigod Ice Elementalist on Dec 18, 2022.
             Slain by a worm (7 damage)
             ... on level 3 of the Dungeon.
             The game lasted 00:08:34 (3298 turns).

IcyTea the Chiller (Demigod Ice Elementalist)       Turns: 3298, Time: 00:08:36

Health: 0/33       AC:  4    Str: 13    XL:     4   Next: 75%
Magic:  4/9        EV: 11    Int: 17    God:
Gold:   89         SH:  0    Dex: 14    Spells: 5/6 levels left

rFire   . . .      SeeInvis .   g - +3 whip (venom)
rCold   . . .      Faith    .   (no shield)
rNeg    . . .      Spirit   .   h - +0 leather armour
rPois   .          Reflect  .   (no helmet)
rElec   .          Harm     .   (no cloak)
rCorr   .          Rampage  .   (no gloves)
Will    .....                   f - +0 pair of boots
Stlth   ++........              (no amulet)
HPRegen 0.11/turn               (no ring)
MPRegen 0.11/turn               (no ring)

@: no status effects
A: high MP 1, forlorn, divine attributes
a: no special abilities


You were on level 3 of the Dungeon.
You visited 1 branch of the dungeon, and saw 3 of its levels.

You collected 89 gold pieces.

Inventory:

Hand Weapons
 c - a +0 hand axe
 g - a +3 whip of venom (weapon)
Missiles
 e - 2 poisoned darts
Armour
 f - a +0 pair of boots (worn)
 h - a +0 leather armour (worn)
Wands
 i - a wand of charming (10)
 m - a wand of acid (8)
Scrolls
 a - a scroll of immolation {unknown}
 d - a scroll of enchant armour {unknown}
 j - a scroll of teleportation {unknown}
Potions
 b - a potion of magic
 k - a potion of heal wounds {unknown}
 l - a potion of flight {unknown}


   Skills:
 - Level 1.7 Dodging
 - Level 1.7 Stealth
 - Level 1.7 Spellcasting
 + Level 5.8 Ice Magic


You had 5 spell levels left.
You knew the following spells:

 Your Spells              Type           Power      Damage    Failure   Level
a - Freeze                Ice            84%        1d10      2%          1

Your spell library contained the following spells:

 Spells                   Type           Power      Damage    Failure   Level
 Frozen Ramparts          Ice            42%        1d7       7%          3
 Ozocubu's Armour         Ice            21%        N/A       7%          3
 Necrotise                Necr           4%         1d4       26%         1
 Inner Flame              Hex/Fire       1%         N/A       58%         3
 Vampiric Draining        Necr           1%         2d6       58%         3
 Hailstorm                Conj/Ice       11%        3d5       58%         4
 Cause Fear               Hex            0%         N/A       94%         4
 Agony                    Necr           1%         N/A       100%        5
 Discord                  Hex            0%         N/A       100%        8


Dungeon Overview and Level Annotations

Branches:
Dungeon (3/15)

Shops:
D:1 *


Innate Abilities, Weirdness & Mutations

You have an increased reservoir of magic. (+10% MP)
You shall have no god before yourself.
Your divine heritage dramatically boosts your attributes as you level up.


Message History

The roots erupt in riotous growth!
The grasping roots grab you!
Ijyb is unaffected.
The grasping roots constrict you.
You hit Ijyb.
Ijyb looks as sick as possible!
Ijyb is almost dead.
Ijyb hits you with a +0 dagger. The grasping roots constrict you.
The grasping roots release their grip on you.
You barely miss Ijyb.
Ijyb is almost dead.
Ijyb hits you with a +0 dagger.
* * * LOW HITPOINT WARNING * * *
Unknown command.
Aiming: Freeze (safe; 2% risk of failure)
Press: ? - help, Q - select action, (/) - cycle Shift-Dir - straight line, f - Ijyb
Aim: Ijyb, wielding a +0 dagger, wearing a +0 leather armour and carrying a wand of roots (12) (almost dead, extremely poisoned)
You freeze Ijyb!
You kill Ijyb!
Aiming: Freeze (safe; 2% risk of failure)
Press: ? - help, Q - select action, (/) - cycle Shift-Dir - straight line, f - worm
Aim: a worm You freeze the worm!
The worm is moderately wounded.
Aiming: Freeze (safe; 2% risk of failure)
Press: ? - help, Q - select action, (/) - cycle Shift-Dir - straight line, f/p - worm
Aim: a worm (moderately wounded)
You freeze the worm.
The worm is heavily wounded.
The worm bites you but does no damage.
Aiming: Freeze (safe; 2% risk of failure)
Press: ? - help, Q - select action, (/) - cycle Shift-Dir - straight line, f/p - worm
Aim: a worm (moderately wounded)
You freeze the worm.
The worm is heavily wounded.
Aiming: Freeze (safe; 2% risk of failure)
Press: ? - help, Q - select action, (/) - cycle Shift-Dir - straight line, f/p - worm
Aim: a worm (heavily wounded)
You freeze the worm.
The worm is severely wounded.
The worm bites you!
You die...

##...##..#.##
##?<...#.....
#..?<...#.#.# #
..o.... ....#
####.##.>.#..
#...# .......o.#
#.##...# #.##w##
##.....#
##.....###†###..#
........>.#@##
#..##
########.#w##
#...#########
#.###
#.#.......... #g#
...#...#######
#.#
#.#####........
#.# #.
#...######. #.# #
#.### ## #. ...
###


You could see a worm.

Vanquished Creatures
  Ijyb (D:3)
  2 adders
  4 gnolls (D:2)
  A dart slug (D:2)
  6 orcs (D:3)
  4 endoplasms
  6 giant cockroaches
  4 hobgoblins
  6 jackals
  2 quokkas
  2 ball pythons
  3 bats
  A frilled lizard (D:2)
  3 goblins
  3 kobolds
  A rat (D:1)
49 creatures vanquished.

Vanquished Creatures (others)
  8 toadstools (D:3)
8 creatures vanquished.

Grand Total: 57 creatures vanquished

Notes
Turn   | Place    | Note
-------+----------+-------------------------------------------
     0 | D:1      | IcyTea the Demigod Ice Elementalist began the quest for the
                  | Orb.
     0 | D:1      | Reached XP level 1. HP: 14/14 MP: 5/5
   230 | D:1      | Found Guppiqon's Assorted Antiques.
   469 | D:1      | Reached skill level 4 in Ice Magic
  1022 | D:2      | Reached XP level 2. HP: 17/20 MP: 7/7
  1583 | D:2      | Reached XP level 3. HP: 24/26 MP: 8/8
  1730 | D:2      | Reached skill level 5 in Ice Magic
  2591 | D:2      | Reached XP level 4. HP: 28/33 MP: 9/9
  3280 | D:3      | Noticed Ijyb
  3294 | D:3      | Killed Ijyb
  3298 | D:3      | Slain by a worm

Illustrated notes

Levels and vault maps discovered:
D:1:      minmay_arrival_radiant_lines, layout_basic, serial_shops,
          nicolae_shop_temple_entry_statues_fountains
D:2:      layout_basic, chequers_ecumenical_altar_simple_redux, basic_altar
D:3:      layout_loops_ring, tgw_fedhas, uniq_ijyb

Skill      XL: |  1  2  3 |
---------------+----------+-----
Ice Magic      | 4 5 |  5.8
Dodging        | |  1.7
Stealth        | |  1.7
Spellcasting   | |  1.7

Action                   |  1- 3 |  4- 6 || total
-------------------------+-------+-------++-------
Melee: Hand axe          |    31 |       ||    31
       Punch             |     1 |       ||     1
       Whip              |    32 |    42 ||    74
 Cast: Freeze            |    32 |    13 ||    45
 Stab: Sleeping          |     3 |     2 ||     5
Armor: Robe              |    12 |       ||    12
       Leather armour    |     5 |    11 ||    16
Dodge: Dodged            |    61 |    23 ||    84
